 Dungeon Crawl Stone Soup version 0.27.1-1-g398f81649c (webtiles) character file.

Game seed: 6237845671114837647

794 Kangaroobicon the Ruffian (level 7, -6/68 HPs)
             Began as a Troll Monk on Sept 21, 2021.
             Was a Believer of the Shining One.
             Killed from afar by a steam dragon (13 damage)
             ... with a ball of steam
             ... on level 4 of the Dungeon.
             The game lasted 00:35:28 (3285 turns).

Kangaroobicon the Ruffian (Troll Monk)              Turns: 3285, Time: 00:35:33

Health: -6/68      AC:  6    Str: 20    XL:     7   Next: 58%
Magic:  7/7        EV:  8    Int: 20    God:    the Shining One [**....]
Gold:   269        SH:  5    Dex: 13    Spells: 6/6 levels left

rFire    . . .     SeeInvis +   G - +7 whip "Grum" {freeze, rN+ Int+3}
rCold    + . .     Faith    .   I - -2 kite shield of Xasoib {rC+ Int+4 SInv}
rNeg     + + .     Spirit   .   E - +2 robe {Will+}
rPois    .         Reflect  .   (helmet restricted)
rElec    .         Harm     .   (no cloak)
rCorr    .         Rampage  .   (gloves unavailable)
Will     +....                  (boots unavailable)
Stlth    +.........             (no amulet)
HPRegen  1.21/turn              p - ring of flight
MPRegen  0.10/turn              A - +6 ring of intelligence

@: flying, glowing
A: large, unfitting armour, claws 3, regeneration 1, shaggy fur 1, tough skin 1
a: Renounce Religion, Divine Shield


You were on level 4 of the Dungeon.
You worshipped the Shining One.
The Shining One was pleased with you.
You visited 1 branch of the dungeon, and saw 4 of its levels.
You also visited: Sewer.

You collected 269 gold pieces.

Inventory:

Hand Weapons
 k - a +0 hunting sling
 G - the +7 whip "Grum" (weapon) {freeze, rN+ Int+3}
   (You found it on level 4 of the Dungeon)

   It freezes those it strikes, dealing additional cold damage.
   It can also slow down cold-blooded creatures.
   Int:       It affects your intelligence (+3).
   rN:        It protects you from negative energy.
 H - a +0 flail of protection
 K - a +0 shortbow
Missiles
 g - 131 stones (quivered)
 h - 48 sling bullets
 m - 6 javelins
 o - 5 large rocks
 r - 5 boomerangs
 y - 6 poisoned darts
 C - 24 bolts
 L - 8 arrows
Armour
 a - a +0 robe
 D - a +0 robe of willpower
 E - a +2 robe of willpower (worn)
 I - the -2 kite shield of Xasoib (worn) {rC+ Int+4 SInv}
   (You found it on level 4 of the Dungeon)

   Int:       It affects your intelligence (+4).
   rC:        It protects you from cold.
   SInv:      It lets you see invisible.
Jewellery
 b - a ring of positive energy
 l - a ring of see invisible
 p - a ring of flight (left claw)
 A - a +6 ring of intelligence (right claw)
 F - an amulet of faith
Scrolls
 d - 3 scrolls of identify {unknown}
 f - 2 scrolls of enchant weapon {unknown}
 i - a scroll of amnesia {unknown}
 j - 2 scrolls of magic mapping {unknown}
 t - 2 scrolls of silence {unknown}
 w - 2 scrolls of brand weapon {unknown}
 B - a scroll of fear {unknown}
 J - a scroll of blinking {unknown}
Potions
 c - a potion of berserk rage {unknown}
 e - a potion of degeneration {unknown}
 n - 2 potions of brilliance {unknown}
 q - a potion of mutation {unknown}
 s - a potion of attraction {unknown}
 u - a potion of ambrosia {unknown}
 v - 3 potions of haste {unknown}
 x - a potion of heal wounds {unknown}
 z - a potion of invisibility {unknown}


   Skills:
 * Level 3.6 Fighting
 * Level 0.5(1.0) Slings
 - Level 1.7(1.9) Throwing
 * Level 3.6 Dodging
 - Level 1.2 Stealth
 * Level 0.8 Shields
 + Level 6.1 Unarmed Combat
 * Level 2.4 Invocations


You had 6 spell levels left.
You didn't know any spells.
Your spell library contained the following spells:

 Spells                   Type           Power      Damage    Failure   Level
 Sting                    Tmut/Pois      0%         1d3       73%         1
 Poisonous Vapours        Pois/Air       0%         N/A       86%         2
 Stone Arrow              Conj/Erth      0%         3d7       97%         3
 Airstrike                Air            0%         N/A       100%        4
 Animate Armour           Summ/Erth      0%         N/A       100%        4
 Olgreb's Toxic Radiance  Pois           0%         N/A       100%        4
 Summon Lightning Spire   Summ/Air       0%         N/A       100%        4
 Blade Hands              Tmut           0%         N/A       100%        5
 Irradiate                Conj/Tmut      0%         3d13      100%        5
 Lightning Bolt           Conj/Air       0%         1d11      100%        5
 Dragon Form              Tmut           0%         N/A       100%        7
 Lehudib's Crystal Spear  Conj/Erth      0%         10d2      100%        8


Dungeon Overview and Level Annotations

Branches:
Dungeon (4/15)              Sewer (visited)
 Temple: D:4-7

Altars:
Elyvilon
Qazlal
Xom
The Shining One

Shops:
D:1 (


Innate Abilities, Weirdness & Mutations

You are too large for most types of armour.
You have claws for hands.
Your natural rate of healing is unusually fast.
You are covered in fur. (AC +1)
You have tough skin. (AC +1)


Message History

a +0 shortbow; 8 arrows
K - a +0 shortbow;
L - 8 arrows A steam dragon comes into view.
You feel clever.
The +7 whip "Grum" {freeze, rN+ Int+3} glows with a cold blue light!
G - the +7 whip "Grum" (weapon)
{freeze, rN+ Int+3} The steam dragon breathes steam at you.
The ball of steam misses you. The steam dragon breathes steam at you.
The ball of steam hits you! The steam dragon breathes steam at you.
The ball of steam hits you!!
You are engulfed in a cloud of scalding steam.
The steam dragon barely misses you. The steam dragon claws you.
You hit the steam dragon. You freeze the steam dragon.
The steam dragon is lightly wounded.
You are engulfed in a cloud of scalding steam.
You block the steam dragon's attack. The steam dragon claws you.
* * * LOW HITPOINT WARNING * * *
You hit the steam dragon but do no damage.
The steam dragon is lightly wounded.
You block the steam dragon's attack.
The steam dragon claws you but does no damage.
You barely miss the steam dragon.
The steam dragon is lightly wounded.
The steam dragon barely misses you. The steam dragon misses you.
The steam dragon breathes steam at you. The ball of steam misses you.
You hit the steam dragon but do no damage.
The steam dragon is lightly wounded.
You are engulfed in a cloud of scalding steam.
The steam dragon closely misses you. The steam dragon barely misses you.
You hit the steam dragon. You freeze the steam dragon.
The steam dragon is moderately wounded.
You are engulfed in a cloud of scalding steam.
* * * LOW HITPOINT WARNING * * *
The steam dragon completely misses you. You block the steam dragon's attack.
The steam dragon breathes steam at you. The ball of steam hits you!
You die...

#.# #.# #............# .# #.# #>#
##............# ..#
#.###.####.............##..####
...............................
#.###.####........#####.##>###
......# #..............##.#
#.##### ##.####........##.# ....
.##.# #.D.........# #.######.##.#
#@##≈≈≈≈≈##.###### ..... ...##.#
#.##≈≈≈≈≈##......#
#.#.###..##.####.≈≈.....≈≈.####.#
..........#......≈≈.....≈≈.# #.#
#.#<..#...#.###..≈....≈.≈≈.# #.#
#.........#.# ##.≈≈....≈≈≈.## #.#
..........#.# #.≈≈.....≈≈....#.#
####.#.#....# #.##≈≈.≈≈##.##.#.#
...#.#...## #.##≈≈.≈≈##.# #.#


You could see a steam dragon (catching breath).

Vanquished Creatures
  Sigmund (D:4)
  Edmund (D:4)
  A black bear (D:4)
  A centaur (D:4)
  A scorpion (D:4)
  A water moccasin zombie (D:3)
  A hound (D:4)
  A jelly (D:4)
  7 adders
  3 worms
  4 dart slugs
  2 orcs
  8 bats
  7 endoplasms
  A giant cockroach (D:2)
  7 goblins
  7 hobgoblins
  7 jackals
  11 kobolds
  A quokka (D:1)
  8 ball pythons
  5 frilled lizards
  3 rats
89 creatures vanquished.

Vanquished Creatures (others)
  13 plants (Sewer)
13 creatures vanquished.

Grand Total: 102 creatures vanquished

Notes
Turn   | Place    | Note
-------+----------+-------------------------------------------
     0 | D:1      | Kangaroobicon the Troll Monk began the quest for the Orb.
     0 | D:1      | Reached XP level 1. HP: 22/22 MP: 0/0
    98 | D:1      | Found Ludeeluu's Antique Weapon Emporium.
   180 | D:1      | Reached XP level 2. HP: 29/29 MP: 1/1
   537 | D:2      | Reached XP level 3. HP: 33/36 MP: 2/2
   746 | D:2      | Found a glowing golden altar of the Shining One.
   763 | D:2      | Became a worshipper of the Shining One
   763 | D:2      | Reached * piety under the Shining One
   763 | D:2      | Reached ** piety under the Shining One
   901 | D:2      | Reached XP level 4. HP: 42/45 MP: 3/3
  1387 | D:3      | Reached skill level 4 in Unarmed Combat
  1387 | D:3      | Reached XP level 5. HP: 41/53 MP: 4/4
  1389 | D:3      | Found a shimmering altar of Xom.
  1933 | D:3      | Found a white marble altar of Elyvilon.
  2058 | D:4      | Found a glowing drain.
  2073 | Sewer    | Entered a sewer
  2641 | D:4      | Noticed a phantom
  2651 | D:4      | Reached skill level 1 in Throwing
  2666 | D:4      | Noticed Sigmund
  2677 | D:4      | Killed Sigmund
  2678 | D:4      | Reached skill level 5 in Unarmed Combat
  2678 | D:4      | Reached skill level 1 in Invocations
  2678 | D:4      | Reached XP level 6. HP: 61/61 MP: 4/6
  2773 | D:4      | Identified the +7 whip "Grum" {freeze, rN+ Int+3}
  2889 | D:4      | Noticed Edmund
  2905 | D:4      | Killed Edmund
  2906 | D:4      | Reached XP level 7. HP: 43/67 MP: 7/7
  2923 | D:4      | Found a stormy altar of Qazlal.
  2940 | D:4      | Identified the -2 kite shield of Xasoib {rC+ Int+4 SInv}
  3004 | D:4      | Reached skill level 6 in Unarmed Combat
  3261 | D:4      | Noticed a steam dragon
  3285 | D:4      | Killed from afar by a steam dragon

Illustrated notes

Levels and vault maps discovered:
D:1:      grunt_arrival_crossed_arrows, layout_basic, serial_shops, shop_statue
D:2:      layout_loops_ring, basic_altar
D:3:      layout_basic, xom_teletrap_fun, elyvilon_altar_3,
          grunt_decor_mini_mirrors, kennysheep_small_spiral,
          kennysheep_generic_room_4
D:4:      layout_basic, grunt_qazlal_clouds, cheibrodos_sewer_entry_sluice,
          minivault_23, kennysheep_dice, uniq_crazy_yiuf_cottage, uniq_sigmund,
          uniq_edmund

Skill      XL: |  1  2  3  4  5  6  7 |
---------------+----------------------+-----
Fighting       | 3 |  3.6
Dodging        | 3 |  3.6
Unarmed Combat | 4 5 6 |  6.1
Throwing       | 1 |  1.7
Invocations    | 1 2 |  2.4
Slings         | |  0.5
Stealth        | |  1.2
Shields        | |  0.8

Action                   |  1- 3 |  4- 6 |  7- 9 || total
-------------------------+-------+-------+-------++-------
Melee: Unarmed           |    85 |   140 |    16 ||   241
       Punch             |     2 |     5 |       ||     7
       Whip              |       |       |     5 ||     5
 Fire: Hunting sling     |       |     3 |       ||     3
Throw: Stone             |       |     2 |       ||     2
 Stab: Sleeping          |     3 |       |       ||     3
Armor: Robe              |    18 |    37 |    14 ||    69
Dodge: Dodged            |    38 |    65 |    16 ||   119
Block: Kite shield       |       |       |     8 ||     8
